 Dungeon Crawl Stone Soup version 0.31-a0-819-gf6de2f5ab6 (webtiles) character file.

Game seed: 12691429337142057601

840 CowFu the Basher (level 7, -4/85 HPs)
             Began as a Minotaur Fighter on Sept 24, 2023.
             Slain by an iguana (8 damage)
             ... on level 5 of the Dungeon.
             The game lasted 00:03:23 (3122 turns).

CowFu the Basher (Minotaur Fighter)                 Turns: 3122, Time: 00:03:24

Health: -4/85      AC: 10    Str: 23    XL:     7   Next: 67%
Magic:  6/6        EV:  7    Int:  5    God:
Gold:   292        SH:  8    Dex:  9    Spells: 6/6 levels left

rFire   . . .        a - +0 flail
rCold   . . .        k - +0 kite shield
rNeg    . . .        l - +0 chain mail
rPois   .            (helmet restricted)
rElec   .            (no cloak)
rCorr   .            m - +0 pair of gloves
SInv    .            (no boots)
Will    .....        (no amulet) Stlth
                     (no ring)
HPRegen 0.34/turn    (no ring)
MPRegen 0.10/turn

%: no passive effects
@: berserking, very quick
A: horns 2, retaliatory headbutt
a: no special abilities


You were on level 5 of the Dungeon.
You visited 1 branch of the dungeon, and saw 5 of its levels.

You collected 292 gold pieces.

Inventory:

Hand Weapons
 a - a +0 flail (weapon)
Armour
 k - a +0 kite shield (worn)
 l - a +0 chain mail (worn)
 m - a +0 pair of gloves (worn)
Jewellery
 p - a ring of protection from fire
 q - a +6 ring of dexterity
Wands
 d - a wand of polymorph (13)
Scrolls
 b - a scroll of revelation
 c - 2 scrolls of amnesia
 f - a scroll of identify
 n - a scroll of noise {unknown}
 o - a scroll of teleportation {unknown}
Potions
 e - 2 potions of magic
 g - a potion of mutation
 i - 2 potions of resistance
 j - 2 potions of brilliance
 r - a potion of degeneration {unknown}


   Skills:
 - Level 3.6 Fighting
 + Level 10.6 Maces & Flails
 - Level 3.6 Armour
 - Level 3.6 Shields


You had 6 spell levels left.
You didn't know any spells.
Your spell library contained the following spells:

 Spells                   Type           Power      Damage    Failure   Level
 Kiss of Death            Conj/Necr      0%         2d5       100%        1
 Confusing Touch          Hex            0%         N/A       100%        3
 Dispel Undead            Necr           0%         3d6       100%        4
 Alistair's Intoxication  Tmut/Pois      0%         N/A       100%        5
 Borgnjor's Vile Clutch   Necr/Erth      0%         N/A       100%        5
 Eringya's Noxious Bog    Tmut/Pois      0%         4d6       100%        6


Dungeon Overview and Level Annotations

Branches:
Dungeon (5/15)
 Temple: D:4-7

Altars:
Cheibriados
Elyvilon
Hepliaklqana
Makhleb
Okawaru
Zin

Shops:
D:1 ?([


Innate Abilities, Weirdness & Mutations

You have a pair of horns on your head.
You reflexively headbutt those who attack you in melee.


Message History

You are too injured to fight recklessly!
You are too injured to fight recklessly!
You are too injured to fight recklessly!
You are too injured to fight recklessly!
You are too injured to fight recklessly!
You are too injured to fight recklessly!
You are too injured to fight recklessly!
You are too injured to fight recklessly!
You are too injured to fight recklessly!
You are too injured to fight recklessly!
You are too injured to fight recklessly!
You are too injured to fight recklessly!
You are too injured to fight recklessly!
Okay, then.
You barely miss the phantom.
The phantom is severely damaged.
The phantom hits you.
* * * LOW HITPOINT WARNING * * *
The iguana barely misses you.
You miss the phantom.
The phantom is severely damaged.
The phantom hits you but does no damage.
The iguana bites you!
* * * LOW HITPOINT WARNING * * *
It was a potion of magic.
Magic courses through your body.
The phantom hits you but does no damage.
The iguana barely misses you.
A red film seems to cover your vision as you go berserk!
You feel yourself moving faster!
You feel mighty! You block the phantom's attack. You block the iguana's attack.
You sock the phantom!
You destroy the phantom!
You barely miss the iguana. You headbutt the iguana.
The iguana is lightly wounded.
The iguana bites you.
* * * LOW HITPOINT WARNING * * *
You sock the iguana!
The iguana is severely wounded.
The iguana bites you!
You die...

#...........##.##...#######
#.#####.######.###.## #.##
#.# #.# #.# ...# #.#
####.###.# ...# #..
.........# ...######
#######.## ......# #.#
......# .#######l#####.
.......# .......@)......#
...##.## ##.#.........###
........ .......#.###.#
...##..#.##.###.#.# # ####
.# #. #.#.# ##.### . #.#.#
#..... #.#.# #..### #. .#


You could see an iguana.

Vanquished Creatures
  The ghost of Wurlitzer the Chiller, an amateur DEIE of Sif Muna (D:4)
  3 ogres
  A centaur (D:5)
  A phantom (D:5)
  An orc priest (D:5)
  Jessica (D:2)
  2 iguanas
  Natasha (thrice) (D:2)
  7 adders
  A white imp (D:5)
  A worm (D:3)
  A dart slug (D:2)
  7 orcs
  7 endoplasms
  4 giant cockroaches
  9 goblins
  8 hobgoblins
  3 jackals (D:2)
  A kobold (D:3)
  3 quokkas
  5 ball pythons
  6 bats
  4 frilled lizards
  4 rats
84 creatures vanquished.

Notes
Turn   | Place    | Note
-------+----------+-------------------------------------------
     0 | D:1      | CowFu the Minotaur Fighter began the quest for the Orb.
     0 | D:1      | Reached XP level 1. HP: 19/19 MP: 0/0
    50 | D:1      | Reached skill level 3 in Maces & Flails
    87 | D:1      | Reached XP level 2. HP: 26/26 MP: 1/1
   160 | D:1      | Found Quth's Antique Armour Shop.
   221 | D:1      | Reached skill level 4 in Maces & Flails
   303 | D:1      | Found Senit's Antique Weapon Shop.
   383 | D:1      | Found Xaciometoe's Magic Scroll Shop.
   444 | D:2      | Noticed Jessica
   448 | D:2      | Reached XP level 3. HP: 31/31 MP: 2/2
   450 | D:2      | Killed Jessica
   451 | D:2      | Reached skill level 5 in Maces & Flails
   482 | D:2      | Noticed Natasha
   488 | D:2      | Killed Natasha
   489 | D:2      | Reached XP level 4. HP: 32/39 MP: 3/3
   539 | D:2      | Noticed Natasha
   548 | D:2      | Killed Natasha
   549 | D:2      | Reached skill level 6 in Maces & Flails
   616 | D:2      | Noticed Natasha
   626 | D:2      | Killed Natasha
   627 | D:2      | Reached XP level 5. HP: 28/45 MP: 4/4
   715 | D:2      | Found a glowing silver altar of Zin.
  1681 | D:3      | Found an iron altar of Okawaru.
  1906 | D:4      | Noticed an ogre
  1911 | D:4      | Killed an ogre
  1912 | D:4      | Reached skill level 7 in Maces & Flails
  1912 | D:4      | Reached XP level 6. HP: 48/51 MP: 5/5
  2189 | D:4      | Reached skill level 8 in Maces & Flails
  2326 | D:4      | Found a runed translucent door.
  2326 | D:4      | Noticed Wurlitzer's ghost (amateur DEIE)
  2609 | D:4      | Killed Wurlitzer's ghost
  2711 | D:5      | Entered Level 5 of the Dungeon
  2740 | D:5      | Reached skill level 9 in Maces & Flails
  2811 | D:5      | Found a hazy altar of Hepliaklqana.
  2814 | D:5      | Found a white marble altar of Elyvilon.
  2814 | D:5      | Found a snail-covered altar of Cheibriados.
  2815 | D:5      | Found a burning altar of Makhleb.
  2896 | D:5      | Reached XP level 7. HP: 43/57 MP: 6/6
  3089 | D:5      | Reached skill level 10 in Maces & Flails
  3121 | D:5      | HP: 3/85 [iguana (5)]
  3122 | D:5      | Slain by an iguana

Illustrated notes

Levels and vault maps discovered:
D:1:      shiori_arrival_oz, layout_rooms, serial_shops,
          nicolae_shop_hallway_plus, shop, shop, minmay_pentomino_q4
D:2:      layout_basic, basic_altar, uniq_jessica, uniq_natasha
D:3:      layout_rooms, mainiacjoe_overflow_alcove_4, bh_walls_and_bars
D:4:      layout_basic, gammafunk_ghost_grave, minmay_crossroads
D:5:      layout_loops_ring, minitemple

Skill      XL: |  1  2  3  4  5  6  7 |
---------------+----------------------+-----
Maces & Flails | 3 4 5 6 7 9 10 | 10.6
Fighting       | |  3.6
Armour         | |  3.6
Shields        | |  3.6

Action                     |  1- 3 |  4- 6 |  7- 9 || total
---------------------------+-------+-------+-------++-------
  Melee: Flail             |    57 |   133 |    40 ||   230
         Headbutt          |    11 |    11 |     7 ||    29
    Use: Potion            |       |     2 |     2 ||     4
         Scroll            |       |     7 |       ||     7
 Armour: Scale mail        |    33 |    32 |       ||    65
         Chain mail        |       |    58 |    37 ||    95
  Dodge: Dodged            |    40 |    26 |     8 ||    74
  Block: Buckler           |    11 |     5 |       ||    16
         Kite shield       |       |    49 |    19 ||    68

Table legend: (Time is in decaauts)
 A = Elapsed time spent in this place.
 B = Non-inter-level travel time spent in this place.
 C = Inter-level travel time spent in this place.
 D = Time resting spent in this place.
 E = Time spent auto-exploring this place.
 F = Levels seen in this place.
 G = Mean time per level.
                   A        B        C        D        E       F      G
               +--------+--------+--------+--------+--------+-----+--------+
         Total |   3162 |   2990 |    172 |      0 |   2405 |   5 |  632.4 |
       Dungeon |   3162 |   2990 |    172 |      0 |   2405 |   5 |  632.4 |
               +--------+--------+--------+--------+--------+-----+--------+

Top non-repeatable levels by time:
     D:2: 921 daAuts
     D:4: 818 daAuts
     D:3: 573 daAuts
     D:1: 436 daAuts
     D:5: 412 daAuts
